[Event "GrandPrix_29.05"]
[Site "Chess.com"]
[Date "2020.05.29"]
[Round "4"]
[White "Evgeny81"]
[Black "Tyoma88888"]
[Result "1-0"]
[WhiteElo "2468"]
[BlackElo "2213"]
[TimeControl "600+2"]
[EndTime "11:06:21 PDT"]
[Termination "Evgeny81 won by resignation"]

1. d4 d5 2. c4 e6 3. Nf3 Nf6 4. g3 Be7 5. Bg2 O-O 6. Qc2 c5 7. O-O cxd4 8. Nxd4 Na6 9. Rd1 Qb6 10. Nc3 Nb4 11.
Qb3 dxc4 12. Qxc4 e5 13. Nb3 Be6 14. Qb5 Qxb5 15. Nxb5 Nxa2 16. Na5 Nxc1 17. Rdxc1 Nd5 18. Nxb7 a6 19. Nc7 Nxc7 20. Rxc7 Bf6 21. Nc5 Rab8 22. Nxe6 fxe6 23. Bh3 Rxb2 24. Bxe6+ Kh8 25. Bc4 Rb6 26.
Rxa6 Rxa6 27. Bxa6 Rd8 28. Bd3 Rb8 29. Kg2 Re8 30. Kf3 Rf8 31. Ke4 g6 32. h4 Bg7 33.
f3 Rd8 34. Ke3 Bh6+ 35. Kf2 Bg7 36. Be4 Rf8 37. Rb7 Rd8 38. g4 Rf8 39. Kg3 Rd8 40.
g5 Rf8 41. h5 gxh5 42. Kh4 Rd8 43. Kxh5 Rf8 44. Rd7 Re8 45. Kg4 Rf8 46. Rd1 Rf4+ 47. Kg3 Rf8 48. Rh1 h6 49. Kf2 Rd8 50. gxh6 Bf8 51. Rh5 Re8 52. h7 Bc5+ 53. Kg2 Bf8 54.
Rf5 Bg7 55. Rf7 Rd8 56. Rb7 Rf8 57. Kh3 Re8 58. Kg4 Rf8 59. Kg5 Rd8 60. Kg6 Rd6+ 61.
Kf7 Rf6+ 62. Ke7 Rf8 63. Ke6 Re8+ 64. Kd7 Rf8 65. Bg6 Rf6 66. Rb8+ Rf8 67. Rb5 Rf6 68.
Be4 Rf7+ 69. Ke6 Rf8 70. Ke7 Rc8 71. Rd5 Rf8 72. Rd1 Rb8 73. Ke6 Re8+ 74. Kf7 Rf8+ 75.
Ke7 Rc8 76. Rh1 Rf8 77. Rh5 Rc8 78. Ke6 Re8+ 79. Kd7 Rf8 80. Rh2 Rf7+ 81. Ke6 Rf8 82. Rg2 Re8+ 83. Kf7 Rf8+ 84. Ke7 Rc8 85. Kd6 Rd8+ 86.
Ke6 Re8+ 87. Kd7 Rf8 88. Rg4 Rf7+ 89. Kd6 Rf8 90. Rxg7 Kxg7 91. Kxe5 Re8+ 92. Kf4 Rb8 93. Bd3 Rf8+ 94. Kg3 Rd8 95. f4 Ra8 96. Kg4 Rd8 97. Bf5 Rd1 98. e4 Rg1+ 99. Kf3 Rf1+ 100. Ke3 Rh1 101. e5 Re1+ 102. Kd4 Rf1 103. Ke4 Re1+ 104. Kf3 Rf1+ 105. Ke3 Re1+ 106. Kf2 Rh1 107. Be4 Ra1 108. Bd3 Ra2+ 109. Ke3 Ra3 110. Kd4 Ra4+ 111. Ke3 Ra3 112. Kd4 Ra4+ 113. Bc4 Kxh7 114. f5 Kg7 115. Kd5 Ra5+ 116. Kd6 Ra1 117. f6+ Kg6 118. Ke6 Ra8 119. Bd3+ Kg5 120. Ke7 Ra7+ 121. Kd6 Ra8 122. Bc2 Rb8 123. Be4 Ra8 124. Bxa8 1-0

[Event "GrandPrix_29.05"]
[Site "Chess.com"]
[Date "2020.05.29"]
[Round "5"]
[White "Pultis"]
[Black "Koalaskakistis"]
[Result "1-0"]
[WhiteElo "2261"]
[BlackElo "2064"]
[TimeControl "600+2"]
[EndTime "11:12:24 PDT"]
[Termination "Pultis won by resignation"]

1. d4 f5 2. g3 Nf6 3. Nh3 d6 4. d5 c6 5. c4 Na6 6. Nf4 cxd5 7. cxd5 Nc7 8. Nc3 g5 9. Ne6 Nxe6 10. dxe6 h6 11.
Qa4+ 1-0

[Event "GrandPrix_29.05"]
[Site "Chess.com"]
[Date "2020.05.29"]
[Round "5"]
[White "Rikikits"]
[Black "Msb2"]
[Result "1/2-1/2"]
[WhiteElo "2743"]
[BlackElo "2647"]
[TimeControl "600+2"]
[EndTime "11:13:00 PDT"]
[Termination "Game drawn by agreement"]

1. b3 d5 2. Bb2 Bf5 3. e3 e6 4. f4 Nf6 5. Nf3 h6 6. Bd3 Bxd3 7. cxd3 c5 8. O-O Nc6 9. Ne5 Rc8 10. d4 cxd4 11. Nxc6 Rxc6 12. Bxd4 Bc5 13. Bxc5 Rxc5 14. Nc3 1/2-1/2

[Event "GrandPrix_29.05"]
[Site "Chess.com"]
[Date "2020.05.29"]
[Round "5"]
[White "titan013"]
[Black "Kostya_Nikologorskiy"]
[Result "1-0"]
[WhiteElo "2362"]
[BlackElo "2238"]
[TimeControl "600+2"]
[EndTime "11:15:05 PDT"]
[Termination "titan013 won by resignation"]

1. e4 e6 2. d4 d5 3. Nc3 Bb4 4. exd5 exd5 5. Bd3 Nc6 6. a3 Be7 7. Nf3 Bg4 8. Be3 Qd7 9. h3 Bh5 10. Qe2 O-O-O 11. O-O-O Re8 12. g4 Bg6 13. Ne5 Bxd3 14. Qxd3 Qe6 15. f4 f6 16. f5 Nxe5 17. dxe5 Qxe5 18.
Nxd5 c6 19. Nb6+ axb6 20. Qd7+ Kb8 21. Qxe8+ Ka7 22. Rhe1 1-0

[Event "GrandPrix_29.05"]
[Site "Chess.com"]
[Date "2020.05.29"]
[Round "5"]
[White "bratkoo"]
[Black "Poghosyan_Suren"]
[Result "1-0"]
[WhiteElo "2143"]
[BlackElo "2099"]
[TimeControl "600+2"]
[EndTime "11:15:50 PDT"]
[Termination "bratkoo won by resignation"]

1. e4 e6 2. d4 d5 3. Nd2 Be7 4.
Ngf3 Nf6 5. e5 Nfd7 6. Bd3 c5 7. c3 Nc6 8. O-O g5 9. dxc5 g4 10. Nd4 Ndxe5 11. N2b3 Nxd3 12. Qxd3 e5 13. Nxc6 bxc6 14. Re1 Qc7 15. Qg3 f6 16. Bh6 a5 17. Rad1 a4 18. Nd4 Bxc5 19. Qh4 Ra6 20. Qxf6 Rg8 21. Rxe5+ Be7 22.
Rde1 c5 23. Rxe7+ 1-0

[Event "GrandPrix_29.05"]
[Site "Chess.com"]
[Date "2020.05.29"]
[Round "5"]
[White "VincentKeymer"]
[Black "mikolka1985"]
[Result "1-0"]
[WhiteElo "2492"]
[BlackElo "2381"]
[TimeControl "600+2"]
[EndTime "11:16:28 PDT"]
[Termination "VincentKeymer won by resignation"]

1. Nf3 Nf6 2. c4 b6 3. d4 e6 4. g3 Bb7 5. Bg2 Be7 6. O-O O-O 7. Nc3 Ne4 8. Bd2 f5 9. Ne5 Bf6 10. Nxe4 Bxe4 11. f3 Bb7 12. Bc3 d6 13. Nd3 Nd7 14.
e4 fxe4 15. fxe4 c5 16. Nf4 Qe7 17. e5 1-0

[Event "GrandPrix_29.05"]
[Site "Chess.com"]
[Date "2020.05.29"]
[Round "5"]
[White "Frozygul"]
[Black "LANCELOT96"]
[Result "1/2-1/2"]
[WhiteElo "2138"]
[BlackElo "2051"]
[TimeControl "600+2"]
[EndTime "11:18:04 PDT"]
[Termination "Game drawn by repetition"]

1. d4 d5 2. Bf4 Nf6 3. e3 Bf5 4. c4 c6 5. Qb3 Qb6 6. c5 Qxb3 7.
axb3 Nbd7 8. b4 Bxb1 9. Rxb1 a6 10. Nf3 e6 11. Ra1 Rc8 12. Be2 Be7 13. O-O Nh5 14. Ne5 Nxf4 15. exf4 Nf8 16. Rfe1 Bf6 17. Ra3 Bxe5 18. fxe5 Nd7 19. Rg3 O-O 20. f4 f5 21. Ra3 Kf7 22. Kf2 Rg8 23. h4 g6 24.
Rh1 Ke7 25. Rg3 h5 26. Ra3 Kf7 27. Rc1 Ke7 28. Ke3 Kf7 29. Kd2 Ke7 30. Ke3 Kf7 31. Kd2 Ke7 32. Ke3 1/2-1/2

[Event "GrandPrix_29.05"]
[Site "Chess.com"]
[Date "2020.05.29"]
[Round "5"]
[White "Spartakus1975"]
[Black "AmilAbbasov"]
[Result "1-0"]
[WhiteElo "2525"]
[BlackElo "2257"]
[TimeControl "600+2"]
[EndTime "11:18:25 PDT"]
[Termination "Spartakus1975 won by resignation"]

1. e4 c5 2. c3 d5 3. exd5 Qxd5 4. d4 cxd4 5. cxd4 Nc6 6. Nf3 e5 7. Nc3 Bb4 8. Be2 e4 9. O-O Bxc3 10. bxc3 Nf6 11.
Ne1 O-O 12. Nc2 Be6 13. c4 Qd8 14. d5 Bxd5 15. cxd5 Nxd5 16. Bc4 Nb6 17. Bb3 Qh4 18. Bb2 Rad8 19. Qe2 Rfe8 20. Ne3 Nb4 21. Nf5 Qg5 22. Nxg7 Rd2 23. Qe3 Qxe3 24. fxe3 1-0

[Event "GrandPrix_29.05"]
[Site "Chess.com"]
[Date "2020.05.29"]
[Round "5"]
[White "Dyadya81"]
[Black "StephenDedalus83"]
[Result "1-0"]
[WhiteElo "2343"]
[BlackElo "2091"]
[TimeControl "600+2"]
[EndTime "11:19:16 PDT"]
[Termination "Dyadya81 won by resignation"]

1. e4 c5 2. Nf3 Nc6 3. Bb5 g6 4.
Bxc6 dxc6 5. d3 Bg7 6. Nc3 e5 7.
Be3 Qe7 8. a3 Nf6 9. h3 Nd7 10.
Qd2 Nf8 11. Na4 b6 12. b4 Ne6 13. O-O O-O 14. bxc5 b5 15. Nb2 f5 16. Bh6 fxe4 17. Bxg7 Qxg7 18. Ng5 Nxg5 19. Qxg5 exd3 20. Nxd3 Bf5 21.
Rfe1 e4 22. Nf4 Rae8 23. Rad1 Re5 24. Re3 h6 25. Qg3 Rxc5 26. Rd6 Rf6 27. Nh5 Rxd6 28. Nxg7 Rd1+ 29. Kh2 Kxg7 30. Rc3 Rcd5 31. Rxc6 Rd7 32. Qc3+ Kh7 33. g4 R7d2 34. Kg2 e3 35. Qxe3 1-0

[Event "GrandPrix_29.05"]
[Site "Chess.com"]
[Date "2020.05.29"]
[Round "5"]
[White "SavelijTartakover"]
[Black "Zhuu96"]
[Result "1/2-1/2"]
[WhiteElo "2446"]
[BlackElo "2564"]
[TimeControl "600+2"]
[EndTime "11:19:31 PDT"]
[Termination "Game drawn by repetition"]

1. d4 Nf6 2. Bg5 c5 3. Bxf6 exf6 4. c3 d5 5. dxc5 Bxc5 6. e3 O-O 7. Nf3 Nc6 8. Be2 b6 9. Nbd2 Bb7 10. Nb3 a5 11. a3 Qc7 12. O-O a4 13. Nbd4 Ne5 14.
Bb5 Nxf3+ 15. Nxf3 Bc6 16. Bxc6 Qxc6 17. Qd3 Rfd8 18.
Rfd1 g6 19. Rd2 Rd7 20. Rad1 Rad8 21. Nd4 Qa8 22. g3 h5 23. Qe2 Bd6 24. Qf3 Be5 25.
Nc2 Qc6 26. Nb4 Qb5 27. Rxd5 Rxd5 28. Rxd5 Rxd5 29. Qxd5 Qe2 30. Nd3 h4 31. gxh4 Qg4+ 32. Qg2 Qd1+ 33. Qf1 Qg4+ 34. Qg2 Qd1+ 35. Qf1 Qg4+ 36.
Qg2 1/2-1/2

[Event "GrandPrix_29.05"]
[Site "Chess.com"]
[Date "2020.05.29"]
[Round "5"]
[White "Nuvas"]
[Black "RitvarsReimanis"]
[Result "1-0"]
[WhiteElo "2250"]
[BlackElo "2076"]
[TimeControl "600+2"]
[EndTime "11:20:28 PDT"]
[Termination "Nuvas won by resignation"]

1. d4 Nf6 2. c4 e6 3. Nc3 d5 4. cxd5 exd5 5. Bg5 Be7 6. e3 Nbd7 7. Bd3 c6 8. Nge2 O-O 9. Qc2 Re8 10. O-O Nf8 11. f3 Ng6 12. Rae1 Be6 13. Kh1 Rc8 14. Qd2 Ne4 15. Nxe4 Bxg5 16. Nxg5 Qxg5 17. f4 Qg4 18. h3 Qh4 19. f5 Bd7 20. fxg6 hxg6 21. Rf4 Qh6 22. Ng1 g5 23. Rff1 g6 24. e4 dxe4 25.
Bxe4 Be6 26. Nf3 f6 27. Nh2 Kg7 28. b3 Rcd8 29. Bf3 Qh4 30. Re4 Qg3 31. Rfe1 Rd6 32. Nf1 Qh4 33. Rxh4 gxh4 34. Qb4 Rd7 35. Nd2 a5 36.
Qc5 Kf7 37. Nc4 Red8 38. Bg4 Bxg4 39. hxg4 b5 40. Nb6 1-0

[Event "GrandPrix_29.05"]
[Site "Chess.com"]
[Date "2020.05.29"]
[Round "5"]
[White "kosmeg"]
[Black "Karinaa87"]
[Result "1-0"]
[WhiteElo "2042"]
[BlackElo "1787"]
[TimeControl "600+2"]
[EndTime "11:20:28 PDT"]
[Termination "kosmeg won by resignation"]

1. d4 d6 2. e4 Nf6 3. f3 Nbd7 4. c4 e5 5. Ne2 Be7 6. Nbc3 O-O 7. Be3 c6 8. Qd2 a6 9. g4 b5 10. Ng3 Nb6 11.
g5 Nfd7 12. Nf5 Nxc4 13. Bxc4 bxc4 14. d5 c5 15. O-O-O Rb8 16. h4 Re8 17. Rdg1 Nf8 18. Nxe7+ Qxe7 19. h5 Bd7 20. Qh2 Rb4 21. g6 fxg6 22.
hxg6 hxg6 23. Bg5 Kf7 24. f4 Reb8 25. Bxe7 Kxe7 26. fxe5 1-0

[Event "GrandPrix_29.05"]
[Site "Chess.com"]
[Date "2020.05.29"]
[Round "5"]
[White "Dolphin_2010"]
[Black "Sunerorlater"]
[Result "0-1"]
[WhiteElo "2092"]
[BlackElo "2322"]
[TimeControl "600+2"]
[EndTime "11:20:57 PDT"]
[Termination "Sunerorlater won by checkmate"]

1. e4 e5 2. Nf3 Nc6 3. d4 exd4 4. Bc4 Bc5 5. c3 Nf6 6. e5 d5 7. Bb5 Ne4 8. cxd4 Bb6 9. h3 O-O 10. Bxc6 bxc6 11. Be3 f5 12. Qc1 Ba6 13. Qxc6 f4 14. Bc1 Rb8 15. Nc3 Bb7 16. Qa4 c5 17. O-O Kh8 18. Rd1 cxd4 19. Nxd4 Qh4 20. Rf1 Ng5 21. Nde2 d4 22. Nxd4 Nxh3+ 23. Kh2 Nxf2+ 24. Kg1 Nh3+ 25. Kh2 Qg3+ 26. Kh1 Qxg2# 0-1

[Event "GrandPrix_29.05"]
[Site "Chess.com"]
[Date "2020.05.29"]
[Round "5"]
[White "TimofeevAr"]
[Black "MiroVlasenko"]
[Result "1/2-1/2"]
[WhiteElo "2544"]
[BlackElo "2604"]
[TimeControl "600+2"]
[EndTime "11:21:01 PDT"]
[Termination "Game drawn by agreement"]

1. c4 Nc6 2. Nc3 e5 3. e3 g6 4. b3 Bg7 5. Bb2 d6 6. d3 f5 7.
Be2 Nf6 8. Nf3 O-O 9. Qd2 h6 10. O-O-O Be6 11. Kb1 Bf7 12. d4 e4 13. Ne1 a6 14. h3 Ne7 15. g4 b5 16. gxf5 Nxf5 17. cxb5 axb5 18. Bxb5 Qb8 19. Nc2 Qb6 20. Rhg1 Rfb8 21.
d5 Nh4 22. Rg3 Nf3 23. Qe2 Nh5 24. Bc4 Nxg3 25. fxg3 Qa5 26. Nd4 Nxd4 27. exd4 1/2-1/2

[Event "GrandPrix_29.05"]
[Site "Chess.com"]
[Date "2020.05.29"]
[Round "5"]
[White "WildBizon"]
[Black "SoltaniciR"]
[Result "1-0"]
[WhiteElo "2105"]
[BlackElo "2109"]
[TimeControl "600+2"]
[EndTime "11:21:13 PDT"]
[Termination "WildBizon won by resignation"]

1. e4 c5 2. Nf3 d6 3. d4 cxd4 4.
Nxd4 Nf6 5. Nc3 a6 6. h3 e6 7. g4 h6 8. Bg2 Nc6 9. Be3 Ne5 10. b3 g5 11. Qd2 Bd7 12. f4 gxf4 13.
Bxf4 Rc8 14. O-O b5 15. Nce2 Ng6 16. Bg3 Be7 17. Kh1 Qb6 18. Rf2 O-O 19. Qxh6 Nh7 20.
Raf1 Bg5 21. Qh5 Be3 22. Rxf7 1-0

[Event "GrandPrix_29.05"]
[Site "Chess.com"]
[Date "2020.05.29"]
[Round "5"]
[White "Eltaj_Safarli"]
[Black "tacticthunder"]
[Result "1-0"]
[WhiteElo "2393"]
[BlackElo "2186"]
[TimeControl "600+2"]
[EndTime "11:21:20 PDT"]
[Termination "Eltaj_Safarli won by resignation"]

1. e4 c5 2. Nc3 e6 3. Nf3 Nc6 4. Bb5 Nge7 5. O-O a6 6. Bxc6 Nxc6 7. d4 cxd4 8. Nxd4 Qc7 9. Re1 Be7 10. Nxc6 Qxc6 11.
Nd5 Bd8 12. Qg4 Kf8 13. Nc3 d6 14. Bg5 Ba5 15. Rad1 f6 16. Bc1 Kf7 17. Qh5+ g6 18. Qxa5 1-0

[Event "GrandPrix_29.05"]
[Site "Chess.com"]
[Date "2020.05.29"]
[Round "5"]
[White "ENajer77"]
[Black "Alex_Molchanov"]
[Result "1-0"]
[WhiteElo "2108"]
[BlackElo "2040"]
[TimeControl "600+2"]
[EndTime "11:21:35 PDT"]
[Termination "ENajer77 won by resignation"]

1. e4 c6 2. d4 d5 3. e5 Bf5 4.
Nf3 e6 5. Be2 c5 6. Be3 Qb6 7.
Nc3 Nc6 8. Na4 Qa5+ 9. c3 c4 10.
Nh4 b5 11. Nc5 Bxc5 12. Nxf5 Bf8 13. Ng3 b4 14. Bd2 bxc3 15. bxc3 Ba3 16. Rb1 Nge7 17.
O-O O-O 18. Nh5 Rab8 19. Qc2 Rxb1 20. Rxb1 Rb8 21. Rxb8+ Nxb8 22. Bh6 gxh6 23. Nf6+ Kf8 24. Qxh7 1-0

[Event "GrandPrix_29.05"]
[Site "Chess.com"]
[Date "2020.05.29"]
[Round "5"]
[White "DrVelja"]
[Black "Tokarev_Sergey"]
[Result "1-0"]
[WhiteElo "2142"]
[BlackElo "2004"]
[TimeControl "600+2"]
[EndTime "11:21:46 PDT"]
[Termination "DrVelja won by resignation"]

1. e4 e6 2. d4 d5 3. e5 c5 4. c3 Nc6 5. Nf3 Qb6 6. Bd3 Bd7 7. dxc5 Bxc5 8. O-O Nge7 9. b4 Bxb4 10. cxb4 Nxb4 11. Be3 Qd8 12. Bc5 Nxd3 13. Qxd3 Rc8 14.
Ba3 Qb6 15. Nd4 Rc4 16. Bxe7 Rxd4 17. Qa3 Bb5 18. Bc5 Qc6 19. Bxd4 Bxf1 20. Nd2 Bc4 21. Bxa7 Kd7 22. Bd4 Rc8 23. Rc1 b5 24. Qg3 g6 25.
a3 Ra8 26. h3 Qa6 27. Nxc4 bxc4 28. Rc3 Ke8 29. Qf4 Qb5 30. Kh2 h5 31. Rf3 Qb7 32.
Qf6 Rc8 33. Qh8+ Ke7 34. Qf6+ Ke8 35. Qh8+ Ke7 36. Rxf7+ Kxf7 37. Qh7+ 1-0

[Event "GrandPrix_29.05"]
[Site "Chess.com"]
[Date "2020.05.29"]
[Round "5"]
[White "cantdefyme"]
[Black "monalize"]
[Result "0-1"]
[WhiteElo "2044"]
[BlackElo "2050"]
[TimeControl "600+2"]
[EndTime "11:21:49 PDT"]
[Termination "monalize won by resignation"]

1. e4 c5 2. Nf3 d6 3. d4 cxd4 4.
Nxd4 Nf6 5. Nc3 a6 6. Bc4 e6 7. Bb3 b5 8. O-O Be7 9. Qf3 Qb6 10. Be3 Qb7 11. Qg3 Nbd7 12. f3 O-O 13. Bh6 Ne8 14. Bxe6 fxe6 15. Nxe6 Rf7 16. Nd5 Ne5 17.
Ndc7 Bxe6 18. Nxe6 Ng6 19. Bxg7 Nxg7 20. Nxg7 Rxg7 0-1

[Event "GrandPrix_29.05"]
[Site "Chess.com"]
[Date "2020.05.29"]
[Round "5"]
[White "HElissalt"]
[Black "gygygygygyggygygygy"]
[Result "0-1"]
[WhiteElo "1718"]
[BlackElo "1994"]
[TimeControl "600+2"]
[EndTime "11:21:49 PDT"]
[Termination "gygygygygyggygygygy won by resignation"]

1. Nf3 Nf6 2. c4 g6 3. g3 Bg7 4. Bg2 O-O 5. O-O d6 6. Nc3 e5 7.
d3 Nc6 8. Rb1 a5 9. Bg5 h6 10.
Bxf6 Bxf6 11. Nd5 Bg7 12. Nd2 Ne7 13. Qc2 c6 14. Nxe7+ Qxe7 15. b3 Be6 16. a3 d5 17.
b4 axb4 18. axb4 Ra3 19. b5 Rfa8 20. bxc6 bxc6 21. cxd5 cxd5 22. Rfc1 Ra2 23. Rb2 Rxb2 24. Qxb2 e4 25. Qb6 exd3 26. exd3 Qa3 27. Nb3 Qb2 28. Re1 Ra3 29. Rxe6 Qb1+ 30. Bf1 fxe6 31. Qxe6+ Kh7 32. Nd2 Qd1 33. Qe3 Ra2 0-1

[Event "GrandPrix_29.05"]
[Site "Chess.com"]
[Date "2020.05.29"]
[Round "5"]
[White "matej2221"]
[Black "DanielDardha2005"]
[Result "0-1"]
[WhiteElo "2103"]
[BlackElo "2342"]
[TimeControl "600+2"]
[EndTime "11:21:51 PDT"]
[Termination "DanielDardha2005 won by resignation"]

1. e4 c5 2. Nf3 Nc6 3. Bb5 Nf6 4. Nc3 g6 5. Bxc6 dxc6 6. h3 Bg7 7. d3 O-O 8. Be3 b6 9. Qd2 Re8 10. O-O e5 11. Bh6 Bh8 12. a3 Nh5 13. b4 f5 14.
exf5 gxf5 15. bxc5 Re6 16. g4 fxg4 17. Bg5 Qf8 18.
hxg4 Qxf3 19. gxh5 Qg4+ 20. Kh2 Qxh5+ 21. Kg1 Rg6 22. Ne4 Bf5 0-1

[Event "GrandPrix_29.05"]
[Site "Chess.com"]
[Date "2020.05.29"]
[Round "5"]
[White "Chessbuster123"]
[Black "AnotherGrumpy"]
[Result "0-1"]
[WhiteElo "1960"]
[BlackElo "1875"]
[TimeControl "600+2"]
[EndTime "11:22:10 PDT"]
[Termination "AnotherGrumpy won by resignation"]

1. d4 d5 2. c4 c6 3. cxd5 cxd5 4. Nc3 e5 5. dxe5 d4 6. Nb1 Qa5+ 7. Bd2 Qxe5 8. Nf3 Qd5 9. g3 Nf6 10. Bg2 Nc6 11. O-O Be7 12. Bf4 O-O 13. Nbd2 Qb5 14.
Nb3 Rd8 15. Rc1 Be6 16. Ne1 Nb4 17. Nxd4 Qa6 18. a3 Nc6 19. Nec2 Bg4 20. Qd2 Nxd4 21. Nxd4 Nd5 22. h3 Bh5 23. g4 Bg6 24. Bg3 Nf6 25. Qe3 Bd6 26. Bxd6 Rxd6 27. f4 Re8 28. Qc3 Be4 29.
Nf3 Nd5 30. Qd2 Bxf3 31. Bxf3 Qb6+ 32. Kh1 Ne3 33. Qc3 Nxf1 34. Rxf1 h6 35. f5 Red8 36. Be4 Rd1 37. Bg2 Rxf1+ 38. Bxf1 Qf2 39. Qf3 Qxf3+ 40.
exf3 Rd1 41. Kg1 Kf8 42. b4 Ra1 43. f4 Rxa3 44. b5 Ra4 45. g5 Rxf4 46. f6 hxg5 47.
fxg7+ Kxg7 48. Bd3 Rf3 0-1

[Event "GrandPrix_29.05"]
[Site "Chess.com"]
[Date "2020.05.29"]
[Round "5"]
[White "Andrei_Belozerov"]
[Black "Tesla37"]
[Result "0-1"]
[WhiteElo "2605"]
[BlackElo "2910"]
[TimeControl "600+2"]
[EndTime "11:22:29 PDT"]
[Termination "Tesla37 won by resignation"]

1. e4 c5 2. Nf3 e6 3. d4 cxd4 4. Nxd4 Nc6 5. Nc3 a6 6. Nxc6 bxc6 7. Bd3 d5 8. O-O Nf6 9. Re1 Be7 10. e5 Nd7 11. Qg4 Kf8 12. Na4 Qa5 13. c3 h5 14.
Qd1 Qc7 15. Qe2 c5 16. b4 c4 17. Bc2 Bb7 18. Be3 Qxe5 19. f4 Qc7 20. Bd4 Bf6 21.
Bxf6 gxf6 22. Qe3 h4 23. Rad1 Qc6 24. Qd4 e5 25. fxe5 fxe5 26. Rxe5 Nxe5 27. Qxe5 Rg8 28. Nc5 Re8 29. Qf5 Re2 30. g4 Bc8 31. Qxd5 Qxd5 32. Rxd5 Rxc2 0-1

[Event "GrandPrix_29.05"]
[Site "Chess.com"]
[Date "2020.05.29"]
[Round "5"]
[White "RussianChessFighter"]
[Black "bsnsun"]
[Result "1-0"]
[WhiteElo "2337"]
[BlackElo "2085"]
[TimeControl "600+2"]
[EndTime "11:22:55 PDT"]
[Termination "RussianChessFighter won by resignation"]

1. c4 Nf6 2. Nc3 c5 3. g3 Nc6 4. Bg2 g6 5. Nh3 Bg7 6. Nf4 O-O 7. h4 h5 8. O-O d6 9. d3 Bg4 10. a3 a5 11. Rb1 Qd7 12. Bd2 Rfc8 13. Ncd5 Nxd5 14.
Nxd5 Bh3 15. Nb6 Qe6 16. Nxa8 Bxg2 17. Kxg2 Rxa8 18. Bc3 Nd4 19. e3 Nc6 20. Qf3 Rb8 21. Qd5 Qg4 22. Bxg7 Kxg7 23. Qe4 Qd7 24. d4 cxd4 25.
exd4 e5 26. dxe5 dxe5 27. b4 axb4 28. axb4 Re8 29. Rfe1 Qe7 30. b5 Nd4 31. Rbd1 Nf5 32. Rd5 f6 33. Qd3 e4 34. Qd1 Qe6 35. Rd7+ Kh6 36.
Qd5 Qb6 37. Qf7 Rh8 38. Rxe4 1-0

[Event "GrandPrix_29.05"]
[Site "Chess.com"]
[Date "2020.05.29"]
[Round "5"]
[White "lelajavakhishvili"]
[Black "viktorskliarov"]
[Result "0-1"]
[WhiteElo "2014"]
[BlackElo "2192"]
[TimeControl "600+2"]
[EndTime "11:23:33 PDT"]
[Termination "viktorskliarov won by resignation"]

1. d4 Nf6 2. c4 e6 3. Nf3 b6 4. g3 Bb7 5. Bg2 Be7 6. O-O O-O 7. Nc3 Ne4 8. Bd2 Nxd2 9. Qxd2 d6 10. h4 Nd7 11. h5 Bf6 12. Rad1 Qe7 13. g4 h6 14. e4 e5 15. Rfe1 Rae8 16. d5 a5 17. Ne2 Nc5 18.
Ng3 Bc8 19. Nf5 Bxf5 20. gxf5 Bg5 21. Nxg5 Qxg5 22. Qe2 g6 23. Rc1 gxf5 24. Rc3 Nxe4 25.
Rh3 Kh8 26. Kh1 Rg8 27. Bf3 Nf6 28. Rg3 Qh4+ 29. Kg2 f4 30. Rh1 Rxg3+ 31. fxg3 Qxg3+ 32. Kf1 e4 0-1

[Event "GrandPrix_29.05"]
[Site "Chess.com"]
[Date "2020.05.29"]
[Round "5"]
[White "Borisss85"]
[Black "ebret"]
[Result "1-0"]
[WhiteElo "2034"]
[BlackElo "2042"]
[TimeControl "600+2"]
[EndTime "11:23:40 PDT"]
[Termination "Borisss85 won by resignation"]

1. e4 e5 2. Nf3 Nc6 3. Bb5 a6 4.
Ba4 Nf6 5. O-O Be7 6. Re1 b5 7. Bb3 d6 8. c3 O-O 9. h3 Na5 10. Bc2 c5 11. d4 Qc7 12. Nbd2 Rd8 13. b3 cxd4 14. cxd4 exd4 15. Bb2 Bb7 16. Nxd4 Bf8 17. Nf5 Nd7 18. Nh6+ Kh8 19. Nxf7+ Kg8 20. Nxd8 Rxd8 21.
Rc1 Qb6 22. Nf3 Ne5 23. Nd4 Be7 24. Nf5 Bf6 25. Bb1 Nf3+ 26. Qxf3 Bxb2 27. Rcd1 Bf6 28.
Nh6+ Kf8 29. Ng4 Kf7 30. Nxf6 gxf6 31. Qh5+ Kg7 32. Re3 Qc7 33. Rg3+ Kh8 34. Qh6 Qe7 35. e5 fxe5 36. Bxh7 1-0

[Event "GrandPrix_29.05"]
[Site "Chess.com"]
[Date "2020.05.29"]
[Round "5"]
[White "jncool68"]
[Black "GM_dmitrij"]
[Result "1/2-1/2"]
[WhiteElo "2267"]
[BlackElo "2482"]
[TimeControl "600+2"]
[EndTime "11:23:44 PDT"]
[Termination "Game drawn by repetition"]

1. e4 e5 2. Nf3 Nc6 3. Bb5 a6 4. Ba4 Nf6 5. O-O Bc5 6. c3 b5 7. Bb3 d6 8. a4 b4 9. d4 Ba7 10. dxe5 Nxe5 11. Nxe5 dxe5 12. Qxd8+ Kxd8 13. cxb4 Rb8 14. Nc3 Rxb4 15. Bxf7 Rf8 16. Bd5 Nxd5 17. exd5 Bf5 18. Be3 Bd4 19. Rad1 Bc2 20. Rd2 Bxa4 21.
h3 Bb5 22. Rfd1 Bxc3 23. bxc3 Rc4 24. d6 cxd6 25. Rxd6+ Kc7 26. Bb6+ Kb7 27. Ba5 Rcf4 28. R1d2 R8f6 29. Rd8 Rf8 30. R8d6 R4f6 31. R6d5 e4 32.
Re5 R8f7 33. Rxe4 Rf4 34. Re5 R4f5 35. Rxf5 Rxf5 36. Bb4 Bc6 37. Ra2 Kb6 38. Rb2 Kc7 39.
Ra2 Kb6 40. Rb2 Kc7 41. Ra2 Kb6 1/2-1/2

[Event "GrandPrix_29.05"]
[Site "Chess.com"]
[Date "2020.05.29"]
[Round "5"]
[White "metra93"]
[Black "Karateloru"]
[Result "0-1"]
[WhiteElo "2299"]
[BlackElo "2270"]
[TimeControl "600+2"]
[EndTime "11:24:12 PDT"]
[Termination "Karateloru won by resignation"]

1. e4 c5 2. Nf3 e6 3. d4 cxd4 4.
Nxd4 Bc5 5. Nb3 Bb6 6. Qg4 Nf6 7. Qh4 d5 8. exd5 exd5 9. Bb5+ Bd7 10. Bxd7+ Qxd7 11.
O-O O-O 12. Nc3 Nc6 13. Bg5 Qf5 14. Bxf6 gxf6 15. Rad1 Rad8 16. Rd3 Kh8 17. Rf3 Qg5 18. Qh3 Ne5 19. Rg3 Qf4 20. Qh5 Rg8 21. Rxg8+ Rxg8 22. Nxd5 Qe4 23. Qh3 Qxd5 24. Kh1 Ng4 25. Qh4 0-1

[Event "GrandPrix_29.05"]
[Site "Chess.com"]
[Date "2020.05.29"]
[Round "5"]
[White "gummigisla"]
[Black "GM_RobertoMogranzini"]
[Result "0-1"]
[WhiteElo "2039"]
[BlackElo "1972"]
[TimeControl "600+2"]
[EndTime "11:24:16 PDT"]
[Termination "GM_RobertoMogranzini won by resignation"]

1. e4 c5 2. Be2 Nf6 3. d3 d6 4. f4 g6 5. Nf3 Bg7 6. O-O Nc6 7. c3 O-O 8. Qe1 e6 9. Nbd2 b5 10. Qh4 Nd7 11. Qh3 Rb8 12. g4 f5 13. exf5 exf5 14.
gxf5 Rxf5 15. Ng5 Nf6 16. Qg2 d5 17. Ndf3 h6 18. Nh3 Rh5 19. Nf2 Kh7 20. Ne5 Nxe5 21. Bxh5 Nxh5 22. fxe5 Qh4 23. d4 Be6 24. Be3 c4 25. a3 Rf8 26. a4 b4 27. cxb4 Nf4 28.
Bxf4 Rxf4 29. Qg3 Rxd4 30. Qxh4 Rxh4 31. Rfe1 Bf8 32. b5 Bc5 33. Kg2 Rf4 34. Nh1 d4 35.
Ng3 d3 36. Rf1 Bd5+ 37. Kh3 g5 38. Rxf4 gxf4 39. Nh5 Bf3 40. Nf6+ Kg6 41. Nd7 Bd4 42. e6 d2 43. a5 d1=Q 44. Rxd1 Bxd1 45. b6 axb6 46.
axb6 Bf3 0-1

[Event "GrandPrix_29.05"]
[Site "Chess.com"]
[Date "2020.05.29"]
[Round "5"]
[White "VitaliyBernadskiy"]
[Black "BairaKovanova"]
[Result "1-0"]
[WhiteElo "2400"]
[BlackElo "2139"]
[TimeControl "600+2"]
[EndTime "11:24:32 PDT"]
[Termination "VitaliyBernadskiy won by resignation"]

1. e4 e5 2. Nf3 Nc6 3. Bb5 a6 4. Ba4 Nf6 5. O-O Be7 6. Re1 b5 7. Bb3 d6 8. c3 O-O 9. h3 Na5 10.
Bc2 c5 11. d4 Nd7 12. Nbd2 exd4 13. cxd4 Nc6 14. d5 Nce5 15. Nh2 Ng6 16. a4 Bb7 17. Ndf1 Bf6 18. Ng4 Bd4 19. Ng3 Nde5 20. Nf5 Nxg4 21. hxg4 Be5 22. g3 Ne7 23. Kg2 Nxf5 24. gxf5 Qf6 25. Rb1 Rfe8 26. Rh1 h6 27. g4 Bd4 28. g5 hxg5 29. Qg4 Qd8 30. Bxg5 Bf6 31. f4 Kf8 32. Rh7 Bxg5 33. fxg5 Bc8 34. Qh5 Qa5 35. b4 cxb4 36. f6 1-0